[Event "7. Arber-Senioren-Cup 2019"]
[Site "Bodenmais"]
[Date "2019.08.04"]
[Round "9.8"]
[White "Puehn, Georg"]
[Black "Korte, Markus"]
[Result "1-0"]
[ECO "C42"]
[WhiteElo "1990"]
[BlackElo "2028"]
[Annotator "NA"]
[PlyCount "57"]
[EventDate "2019.07.27"]
[EventType "swiss"]
[EventCountry "GER"]
[SourceTitle "playchess.com"]
[Source "ChessBase"]
[SourceQuality "1"]
[TimeControl "60/7800+30:0"]

1. e4 e5 2. Nf3 Nf6 3. d3 Nc6 4. Be2 Bc5 5. O-O h6 6. Nxe5 Nxe5 7. d4 Bb6 8. dxe5 Nxe4 9. Nd2 Nxd2 10. Bxd2 O-O 11. Bc3 Qe7 12. Bc4 Rd8 13. Qf3 Bc5 14. Rfe1 Rb8 15. a4 b5 16. axb5 Rb6 17. Ra4 Bb7 18. Qf5 c6 19. b4 Bxf2+ 20. Qxf2 cxb5 21. Rxa7 Qg5 22. Bf1 Qg6 23. Bd4 Rc6 24. Rxb7 Rxc2 25. Qf3 Qe6 26. Bd3 Rd2 27. Qe4 g6 28. Qe3 Qa2 29. Be4 1-0

[Event "7. Arber-Senioren-Cup 2019"]
[Site "Bodenmais"]
[Date "2019.08.04"]
[Round "9.9"]
[White "Schwalb, Manfred"]
[Black "Hamlack, Heinz"]
[Result "0-1"]
[ECO "B01"]
[WhiteElo "1965"]
[BlackElo "1986"]
[Annotator "NA"]
[PlyCount "76"]
[EventDate "2019.07.27"]
[EventType "swiss"]
[EventCountry "GER"]
[SourceTitle "playchess.com"]
[Source "ChessBase"]
[SourceQuality "1"]
[TimeControl "60/7800+30:0"]

1. e4 d5 2. exd5 Nf6 3. d4 Qxd5 4. Nc3 Qa5 5. Nf3 Bg4 6. h3 Bh5 7. g4 Bg6 8. Bg2 c6 9. O-O e6 10. Ne5 Nbd7 11. Nc4 Qc7 12. Ne2 Nd5 13. Ne3 N7b6 14. Nxd5 cxd5 15. c3 Bd6 16. f4 O-O-O 17. b3 Be4 18. Bxe4 dxe4 19. c4 f5 20. Be3 Ba3 21. Nc3 a6 22. Qe2 g5 23. gxf5 exf5 24. Rad1 Rhg8 25. Kh1 g4 26. Rg1 Rd6 27. Rg3 Rh6 28. Qf2 Be7 29. c5 Bh4 30. Rdg1 Bxg3 31. Rxg3 Qc6 32. Qg2 Nd5 33. Qd2 Nxc3 34. Qxc3 Qb5 35. Qc4 Qxc4 36. bxc4 Rxh3+ 37. Kg2 Rxg3+ 38. Kxg3 Rg6 0-1

[Event "7. Arber-Senioren-Cup 2019"]
[Site "Bodenmais"]
[Date "2019.08.04"]
[Round "9.10"]
[White "Steinbach, Peter"]
[Black "Kurka, Dieter"]
[Result "0-1"]
[ECO "B21"]
[WhiteElo "1958"]
[BlackElo "2006"]
[Annotator "NA"]
[PlyCount "103"]
[EventDate "2019.07.27"]
[EventType "swiss"]
[EventCountry "GER"]
[SourceTitle "playchess.com"]
[Source "ChessBase"]
[SourceQuality "1"]
[TimeControl "60/7800+30:0"]

1. e4 c5 2. d4 cxd4 3. c3 d3 4. Bxd3 e6 5. c4 a6 6. Nc3 Qc7 7. Qe2 d6 8. f4 Nd7 9. Nf3 Ngf6 10. O-O Be7 11. Kh1 O-O 12. Be3 b6 13. Rac1 Bb7 14. Bg1 Rfe8 15. h3 Rad8 16. g4 Qb8 17. g5 Nh5 18. Bh2 g6 19. a3 Qa8 20. b4 Ng7 21. Rce1 d5 22. cxd5 exd5 23. e5 Nf8 24. Nd4 Nfe6 25. Bg1 Qc8 26. Na4 Nxd4 27. Bxd4 Qxh3+ 28. Kg1 Qg3+ 29. Kh1 b5 30. Nb2 Ne6 31. Qf2 Qxf2 32. Bxf2 Nxf4 33. Bb6 Nxd3 34. Nxd3 Rc8 35. Nc5 Bxc5 36. Bxc5 Rc6 37. Kg1 Bc8 38. Kf2 h6 39. gxh6 g5 40. Bd6 Kh7 41. Rh1 Kg6 42. h7 Rh8 43. Be7 g4 44. Kg3 Rxh7 45. Rxh7 Kxh7 46. Rd1 Be6 47. Kf4 Kg6 48. Rd3 Rc4+ 49. Kg3 Kf5 50. Bf6 Ke4 51. Rb3 d4 52. Kf2 0-1

[Event "7. Arber-Senioren-Cup 2019"]
[Site "Bodenmais"]
[Date "2019.08.04"]
[Round "9.11"]
[White "Oberhofer, Max"]
[Black "Mahnke, Ralf"]
[Result "1/2-1/2"]
[ECO "D02"]
[WhiteElo "2187"]
[BlackElo "1925"]
[Annotator "NA"]
[PlyCount "44"]
[EventDate "2019.07.27"]
[EventType "swiss"]
[EventCountry "GER"]
[SourceTitle "playchess.com"]
[Source "ChessBase"]
[SourceQuality "1"]
[TimeControl "60/7800+30:0"]

1. d4 d5 2. Nf3 Nf6 3. c4 e6 4. g3 c6 5. Bg2 Bd6 6. Qc2 O-O 7. Nbd2 Nbd7 8. O-O b6 9. b3 Bb7 10. Bb2 Rc8 11. e4 dxe4 12. Ng5 c5 13. Ngxe4 Nxe4 14. Nxe4 Bxe4 15. Bxe4 Nf6 16. Bd3 cxd4 17. Bxd4 h6 18. Rad1 Qe7 19. Rfe1 Rfd8 20. Qb2 Bc5 21. Bxf6 Qxf6 22. Qxf6 gxf6 1/2-1/2

[Event "7. Arber-Senioren-Cup 2019"]
[Site "Bodenmais"]
[Date "2019.08.04"]
[Round "9.12"]
[White "Augustin, Christian"]
[Black "Zwetz, Anita"]
[Result "1-0"]
[ECO "D05"]
[WhiteElo "1971"]
[BlackElo "1828"]
[Annotator "NA"]
[PlyCount "49"]
[EventDate "2019.07.27"]
[EventType "swiss"]
[EventCountry "GER"]
[SourceTitle "playchess.com"]
[Source "ChessBase"]
[SourceQuality "1"]
[TimeControl "60/7800+30:0"]

1. d4 d5 2. e3 Nf6 3. Nf3 e6 4. Bd3 Nbd7 5. Nbd2 c5 6. c3 c4 7. Bc2 Bd6 8. O-O Qc7 9. Qe2 O-O 10. e4 dxe4 11. Nxe4 Nxe4 12. Qxe4 Nf6 13. Qh4 Be7 14. Re1 g6 15. Bg5 Nd5 16. Qh6 Re8 17. Be4 f5 18. Bxd5 exd5 19. Bf6 Bf8 20. Rxe8 Qf7 21. Rxf8+ Qxf8 22. Qxf8+ Kxf8 23. Re1 Kf7 24. Bg5 Be6 25. Ne5+ 1-0

[Event "7. Arber-Senioren-Cup 2019"]
[Site "Bodenmais"]
[Date "2019.08.04"]
[Round "9.13"]
[White "Braeu, Ludwig"]
[Black "Benischek, Wolfgang"]
[Result "0-1"]
[ECO "A20"]
[WhiteElo "1818"]
[BlackElo "2022"]
[Annotator "NA"]
[PlyCount "40"]
[EventDate "2019.07.27"]
[EventType "swiss"]
[EventCountry "GER"]
[SourceTitle "playchess.com"]
[Source "ChessBase"]
[SourceQuality "1"]
[TimeControl "60/7800+30:0"]

1. c4 e5 2. g3 Nc6 3. Bg2 Bc5 4. e3 d6 5. Ne2 Bg4 6. Nbc3 a6 7. O-O Qc8 8. Re1 Nf6 9. f3 Bh3 10. d4 Bxg2 11. Kxg2 Ba7 12. a3 O-O 13. b4 Qf5 14. Nd5 Nxd5 15. cxd5 Ne7 16. e4 Qg6 17. dxe5 dxe5 18. Bb2 f5 19. Ng1 fxe4 20. Rxe4 Nf5 0-1

[Event "7. Arber-Senioren-Cup 2019"]
[Site "Bodenmais"]
[Date "2019.08.04"]
[Round "9.14"]
[White "Limberg, Siegfried"]
[Black "Hilbig, Dieter"]
[Result "1/2-1/2"]
[ECO "D04"]
[WhiteElo "1983"]
[BlackElo "1943"]
[Annotator "NA"]
[PlyCount "94"]
[EventDate "2019.07.27"]
[EventType "swiss"]
[EventCountry "GER"]
[SourceTitle "playchess.com"]
[Source "ChessBase"]
[SourceQuality "1"]
[TimeControl "60/7800+30:0"]

1. d4 d5 2. Nf3 Nf6 3. e3 Bf5 4. Bd3 Bxd3 5. Qxd3 c6 6. O-O g6 7. b3 Bg7 8. Bb2 Nbd7 9. c4 O-O 10. Nbd2 Re8 11. h3 c5 12. cxd5 Nxd5 13. a3 cxd4 14. exd4 Rc8 15. Rac1 N7f6 16. Rxc8 Qxc8 17. Rc1 Qe6 18. Re1 Qd6 19. Nc4 Qb8 20. Nce5 Nf4 21. Qc4 N6d5 22. Qf1 Rc8 23. g3 Rc2 24. Ba1 Nh5 25. Qd3 Qc8 26. Nc4 Qf5 27. Qxf5 gxf5 28. Kg2 Ra2 29. a4 Nhf6 30. Bb2 Ne4 31. Ra1 Rxa1 32. Bxa1 Nb4 33. Ne1 Bh6 34. f4 Bg7 35. Kf3 Kf8 36. g4 Nc5 37. Nd2 Ne6 38. gxf5 Nxd4+ 39. Ke4 Ne2 40. Bxg7+ Kxg7 41. Kf3 Nd4+ 42. Ke4 Nbc6 43. Nd3 Ne2 44. Nf1 Kf6 45. Nc5 Nc3+ 46. Kd3 Nd5 47. Ke4 Nc3+ 1/2-1/2

[Event "7. Arber-Senioren-Cup 2019"]
[Site "Bodenmais"]
[Date "2019.08.04"]
[Round "9.15"]
[White "Steiger, Michael"]
[Black "Waltenberger, Udo"]
[Result "1-0"]
[ECO "A37"]
[WhiteElo "2016"]
[BlackElo "1986"]
[Annotator "NA"]
[PlyCount "43"]
[EventDate "2019.07.27"]
[EventType "swiss"]
[EventCountry "GER"]
[SourceTitle "playchess.com"]
[Source "ChessBase"]
[SourceQuality "1"]
[TimeControl "60/7800+30:0"]

1. c4 c5 2. Nc3 g6 3. g3 Bg7 4. Bg2 Nc6 5. Nf3 e5 6. O-O Nge7 7. a3 Rb8 8. Rb1 a5 9. Ne1 d6 10. Nc2 Be6 11. Ne3 O-O 12. Ned5 Bf5 13. d3 Nxd5 14. cxd5 Ne7 15. b4 axb4 16. axb4 cxb4 17. Rxb4 b5 18. Rxb5 Rxb5 19. Nxb5 Qb6 20. Na3 Rb8 21. Nc4 Qc5 22. Ba3 1-0

[Event "7. Arber-Senioren-Cup 2019"]
[Site "Bodenmais"]
[Date "2019.08.04"]
[Round "9.16"]
[White "Schmidt, Matthias"]
[Black "Latzel, Wolfgang"]
[Result "1-0"]
[ECO "A41"]
[WhiteElo "2020"]
[BlackElo "1881"]
[Annotator "NA"]
[PlyCount "57"]
[EventDate "2019.07.27"]
[EventType "swiss"]
[EventCountry "GER"]
[SourceTitle "playchess.com"]
[Source "ChessBase"]
[SourceQuality "1"]
[TimeControl "60/7800+30:0"]

1. d4 d6 2. Nf3 g6 3. c4 Bg7 4. Nc3 Nc6 5. e4 e5 6. Be3 exd4 7. Nxd4 Nge7 8. h4 h6 9. Qd2 f5 10. Nxc6 bxc6 11. Bd4 O-O 12. Bxg7 Kxg7 13. O-O-O fxe4 14. h5 g5 15. Nxe4 Ng8 16. Bd3 c5 17. Qc3+ Nf6 18. Bc2 Qe7 19. Rde1 Qd8 20. Re3 Kg8 21. Ng3 Ng4 22. Qd3 Rf7 23. Qg6+ Kf8 24. Rf3 Qe7 25. Qh7 Rxf3 26. Qh8+ Kf7 27. Bg6+ Ke6 28. gxf3 Bb7 29. Bf5+ 1-0

[Event "7. Arber-Senioren-Cup 2019"]
[Site "Bodenmais"]
[Date "2019.08.04"]
[Round "9.17"]
[White "Loibl, Johann"]
[Black "Gerl, Hans"]
[Result "0-1"]
[ECO "B20"]
[WhiteElo "1760"]
[BlackElo "1955"]
[Annotator "NA"]
[PlyCount "42"]
[EventDate "2019.07.27"]
[EventType "swiss"]
[EventCountry "GER"]
[SourceTitle "playchess.com"]
[Source "ChessBase"]
[SourceQuality "1"]
[TimeControl "60/7800+30:0"]

1. e4 c5 2. b4 cxb4 3. a3 e6 4. axb4 Bxb4 5. c3 Be7 6. d4 d6 7. Nf3 Nf6 8. Bd3 O-O 9. Qc2 h6 10. Ba3 Nc6 11. Nbd2 Bd7 12. e5 dxe5 13. dxe5 Ng4 14. Nc4 Bxa3 15. Rxa3 Qc7 16. Qe2 b5 17. Nd6 a6 18. Qa2 Ncxe5 19. Nxe5 Nxe5 20. Qd2 Bc6 21. Bxb5 axb5 0-1

[Event "7. Arber-Senioren-Cup 2019"]
[Site "Bodenmais"]
[Date "2019.08.04"]
[Round "9.18"]
[White "Fleuch, Hans-Juergen"]
[Black "Klimpel, Siegfried"]
[Result "1-0"]
[ECO "B02"]
[WhiteElo "1951"]
[BlackElo "1843"]
[Annotator "NA"]
[PlyCount "57"]
[EventDate "2019.07.27"]
[EventType "swiss"]
[EventCountry "GER"]
[SourceTitle "playchess.com"]
[Source "ChessBase"]
[SourceQuality "1"]
[TimeControl "60/7800+30:0"]

1. e4 Nf6 2. e5 Nd5 3. Nf3 d6 4. c4 Nb6 5. d4 Bg4 6. exd6 exd6 7. Be2 N8d7 8. O-O Be7 9. Nbd2 O-O 10. b3 a5 11. Bb2 a4 12. Rc1 Bf6 13. Ne4 Be7 14. Ng3 Nf6 15. h3 Bd7 16. Bd3 Qc8 17. Re1 Re8 18. Qd2 h6 19. Bb1 Nh7 20. Ne4 g5 21. c5 Nd5 22. cxd6 Bd8 23. dxc7 Be7 24. Nc3 Bxh3 25. Nxd5 Qg4 26. Ne3 Qf4 27. Ne5 Bc8 28. Qd3 Nf6 29. Qd1 1-0

[Event "7. Arber-Senioren-Cup 2019"]
[Site "Bodenmais"]
[Date "2019.08.04"]
[Round "9.19"]
[White "Wacker, Manfred"]
[Black "Halli, Gerhard"]
[Result "1/2-1/2"]
[ECO "E06"]
[WhiteElo "1741"]
[BlackElo "1955"]
[Annotator "NA"]
[PlyCount "25"]
[EventDate "2019.07.27"]
[EventType "swiss"]
[EventCountry "GER"]
[SourceTitle "playchess.com"]
[Source "ChessBase"]
[SourceQuality "1"]
[TimeControl "60/7800+30:0"]

1. d4 d5 2. c4 e6 3. Nf3 Nf6 4. g3 Be7 5. Bg2 O-O 6. O-O b6 7. cxd5 exd5 8. Nc3 Bb7 9. Bf4 Nbd7 10. Nb5 c5 11. Bc7 Qc8 12. Bd6 Qd8 13. Bc7 1/2-1/2

[Event "7. Arber-Senioren-Cup 2019"]
[Site "Bodenmais"]
[Date "2019.08.04"]
[Round "9.21"]
[White "Kirschner, Torsten"]
[Black "Meul, Willi"]
[Result "1/2-1/2"]
[ECO "D30"]
[WhiteElo "1767"]
[BlackElo "1904"]
[Annotator "NA"]
[PlyCount "29"]
[EventDate "2019.07.27"]
[EventType "swiss"]
[EventCountry "GER"]
[SourceTitle "playchess.com"]
[Source "ChessBase"]
[SourceQuality "1"]
[TimeControl "60/7800+30:0"]

1. d4 d5 2. c4 e6 3. Nf3 Nd7 4. g3 Ngf6 5. Bg2 c6 6. cxd5 exd5 7. O-O Bd6 8. Nc3 O-O 9. Qc2 Re8 10. Bd2 h6 11. Rfe1 Ne4 12. Rad1 Ndf6 13. Bc1 Bf5 14. Qb3 Qb6 15. Qxb6 1/2-1/2

[Event "7. Arber-Senioren-Cup 2019"]
[Site "Bodenmais"]
[Date "2019.08.04"]
[Round "9.22"]
[White "Wolff, Peter"]
[Black "Auterhoff, Juergen"]
[Result "1-0"]
[ECO "A20"]
[WhiteElo "1915"]
[BlackElo "1673"]
[Annotator "NA"]
[PlyCount "73"]
[EventDate "2019.07.27"]
[EventType "swiss"]
[EventCountry "GER"]
[SourceTitle "playchess.com"]
[Source "ChessBase"]
[SourceQuality "1"]
[TimeControl "60/7800+30:0"]

1. c4 e5 2. g3 Nf6 3. Bg2 Nc6 4. Nc3 Bc5 5. e3 O-O 6. Nge2 b6 7. a3 a5 8. Rb1 Rb8 9. O-O Bb7 10. d4 exd4 11. exd4 Be7 12. Bf4 d6 13. Re1 Re8 14. Nb5 Qd7 15. Rc1 Nd8 16. d5 Ba6 17. Ned4 Bxb5 18. cxb5 h6 19. h4 Rc8 20. Qd3 Nb7 21. b4 axb4 22. axb4 Bf8 23. Rxe8 Qxe8 24. Bh3 Nd7 25. Qf5 Rd8 26. Rxc7 g6 27. Qc2 Nbc5 28. bxc5 bxc5 29. Nc6 Qe1+ 30. Kh2 Re8 31. Qd2 Qxd2 32. Bxd2 Re2 33. Be3 Nb6 34. Bg2 Nc4 35. Bf1 Rc2 36. Bxc4 Rxc4 37. b6 1-0

[Event "7. Arber-Senioren-Cup 2019"]
[Site "Bodenmais"]
[Date "2019.08.04"]
[Round "9.23"]
[White "Riha, Peter"]
[Black "Wittkugel, Friedhelm"]
[Result "1/2-1/2"]
[ECO "D00"]
[WhiteElo "1720"]
[BlackElo "1920"]
[Annotator "NA"]
[PlyCount "88"]
[EventDate "2019.07.27"]
[EventType "swiss"]
[EventCountry "GER"]
[SourceTitle "playchess.com"]
[Source "ChessBase"]
[SourceQuality "1"]
[TimeControl "60/7800+30:0"]

1. d4 d5 2. Bf4 e6 3. e3 Be7 4. Nf3 h5 5. h3 Nd7 6. Nbd2 Ngf6 7. Bd3 c5 8. c3 Qb6 9. Rb1 c4 10. Bc2 Qa6 11. a3 b5 12. e4 dxe4 13. Nxe4 Nxe4 14. Bxe4 Bb7 15. Bxb7 Qxb7 16. Qe2 Qd5 17. Rd1 Bf6 18. h4 Rd8 19. Rd2 Nf8 20. Bg5 Ng6 21. Qe3 Qf5 22. O-O Rd5 23. Re1 O-O 24. Bxf6 Qxf6 25. g3 Rfd8 26. Rde2 Rf5 27. Ng5 Rdd5 28. f4 Ne7 29. Qf3 Rxg5 30. hxg5 Qg6 31. Re5 Rxe5 32. dxe5 Nd5 33. Qe4 Kh7 34. Qxg6+ Kxg6 35. Kf2 Kf5 36. Kf3 a5 37. Rg1 b4 38. axb4 axb4 39. cxb4 Nxb4 40. Rc1 Nd3 41. Rxc4 Nxb2 42. Rc7 Kg6 43. g4 hxg4+ 44. Kxg4 Nd3 1/2-1/2

[Event "7. Arber-Senioren-Cup 2019"]
[Site "Bodenmais"]
[Date "2019.08.04"]
[Round "9.24"]
[White "Ketzscher, Roland"]
[Black "Glatz, Volker"]
[Result "1-0"]
[ECO "A40"]
[WhiteElo "1917"]
[BlackElo "1515"]
[Annotator "NA"]
[PlyCount "109"]
[EventDate "2019.07.27"]
[EventType "swiss"]
[EventCountry "GER"]
[SourceTitle "playchess.com"]
[Source "ChessBase"]
[SourceQuality "1"]
[TimeControl "60/7800+30:0"]

1. d4 g6 2. c4 Bg7 3. Nc3 c6 4. e4 d6 5. Nf3 Bg4 6. Be2 Bxf3 7. Bxf3 Nf6 8. O-O O-O 9. Be3 Qc7 10. Qe2 a6 11. Rac1 Nbd7 12. g3 e5 13. dxe5 Nxe5 14. Bg2 Rae8 15. Rcd1 Rd8 16. c5 Rfe8 17. cxd6 Rxd6 18. f4 Neg4 19. Rxd6 Nxe3 20. Qxe3 Qxd6 21. Qf3 Qc5+ 22. Kh1 Nd7 23. e5 Nf8 24. Ne4 Qb6 25. Nd6 Rd8 26. b3 Ne6 27. Bh3 Nd4 28. Qd3 c5 29. Qc4 Rf8 30. Rc1 Qc6+ 31. Bg2 b5 32. Bxc6 bxc4 33. Bd5 cxb3 34. axb3 Ne6 35. Bxe6 fxe6 36. Rxc5 Rb8 37. Rc8+ Rxc8 38. Nxc8 Bf8 39. Nb6 Bb4 40. Kg2 Kf7 41. Kf3 a5 42. Ke4 Bc5 43. Nc4 Bb4 44. g4 h6 45. h4 Ke7 46. h5 Kf7 47. f5 g5 48. fxe6+ Kxe6 49. Ne3 Bf8 50. Nf5 Kf7 51. Kd5 Ke8 52. Ke6 Kd8 53. Kf7 Bc5 54. Nxh6 Bd4 55. e6 1-0

[Event "7. Arber-Senioren-Cup 2019"]
[Site "Bodenmais"]
[Date "2019.08.04"]
[Round "9.25"]
[White "Nusser, Hans-Karl"]
[Black "Supplieth, Peter"]
[Result "1-0"]
[ECO "D10"]
[WhiteElo "1601"]
[BlackElo "1880"]
[Annotator "NA"]
[PlyCount "145"]
[EventDate "2019.07.27"]
[EventType "swiss"]
[EventCountry "GER"]
[SourceTitle "playchess.com"]
[Source "ChessBase"]
[SourceQuality "1"]
[TimeControl "60/7800+30:0"]

1. d4 d5 2. c4 c6 3. cxd5 cxd5 4. Nc3 Nc6 5. Bf4 e6 6. e3 Nf6 7. Bd3 Bd6 8. Bxd6 Qxd6 9. Nf3 O-O 10. O-O e5 11. dxe5 Nxe5 12. Nxe5 Qxe5 13. h3 Rd8 14. Qc2 Bd7 15. Ne2 h5 16. Nd4 Rac8 17. Qe2 Re8 18. Rac1 a6 19. Rfd1 g5 20. Nf3 Qe7 21. Nxg5 d4 22. Bc4 Rxc4 23. Rxc4 Bb5 24. Rdxd4 Qe5 25. Ne4 Nh7 26. Qc2 Bxc4 27. Qxc4 Re6 28. h4 Rc6 29. Qf1 Qc7 30. Nc3 Nf6 31. Qd1 Ng4 32. Rd8+ Kh7 33. g3 Rf6 34. Qd3+ Kg7 35. f4 Nxe3 36. Rd4 Nf5 37. Rd5 Qb6+ 38. Kh2 Qxb2+ 39. Qd2 Qxd2+ 40. Rxd2 Rd6 41. Rb2 Rd3 42. Ne2 b5 43. Kg2 Ne3+ 44. Kg1 Nc4 45. Rc2 Kf6 46. Kf2 Kf5 47. Rc3 Ke4 48. Rxd3 Kxd3 49. g4 hxg4 50. h5 Nd6 51. h6 f5 52. h7 Nf7 53. Ng3 b4 54. Nxf5 a5 55. Nd6 Nh8 56. f5 a4 57. f6 b3 58. f7 bxa2 59. f8=Q a1=Q 60. Qf5+ Kd2 61. Nc4+ Kc1 62. Qf4+ Kb1 63. Qe4+ Kc1 64. Qe3+ Kc2 65. Qd2+ Kb3 66. Na5+ Ka3 67. Qd3+ Kb4 68. Nc6+ Kc5 69. Qc2+ Kd6 70. Qc4 Qb2+ 71. Ke3 Qb3+ 72. Kd4 Qxc4+ 73. Kxc4 {[%emt 0:00:02] Ke5 Kd4+} 1-0

[Event "7. Arber-Senioren-Cup 2019"]
[Site "Bodenmais"]
[Date "2019.08.04"]
[Round "9.26"]
[White "Berger, Siegfried"]
[Black "Schmid, Johann"]
[Result "1-0"]
[ECO "A40"]
[WhiteElo "1548"]
[BlackElo "1842"]
[Annotator "NA"]
[PlyCount "47"]
[EventDate "2019.07.27"]
[EventType "swiss"]
[EventCountry "GER"]
[SourceTitle "playchess.com"]
[Source "ChessBase"]
[SourceQuality "1"]
[TimeControl "60/7800+30:0"]

1. d4 e6 2. Nf3 f5 3. Bf4 Nf6 4. h3 d5 5. e3 Bd6 6. Bxd6 cxd6 7. Bb5+ Bd7 8. Bxd7+ Qxd7 9. Nc3 O-O 10. Qe2 a6 11. O-O Nc6 12. a3 Rac8 13. Rac1 Na5 14. Nb1 Ne4 15. Nfd2 Qc7 16. Nxe4 fxe4 17. Nc3 Nc4 18. Rb1 Nxa3 19. bxa3 Qxc3 20. Rxb7 Qxa3 21. Qg4 Rf7 22. Qxe6 Rcf8 23. Rfb1 Qa5 24. Rxf7 1-0

[Event "7. Arber-Senioren-Cup 2019"]
[Site "Bodenmais"]
[Date "2019.08.04"]
[Round "9.27"]
[White "Gaedt, Mario"]
[Black "Schuster, Herbert"]
[Result "0-1"]
[ECO "D43"]
[WhiteElo "1502"]
[BlackElo "1774"]
[Annotator "NA"]
[PlyCount "54"]
[EventDate "2019.07.27"]
[EventType "swiss"]
[EventCountry "GER"]
[SourceTitle "playchess.com"]
[Source "ChessBase"]
[SourceQuality "1"]
[TimeControl "60/7800+30:0"]

1. d4 d5 2. Nf3 Nf6 3. c4 e6 4. Nc3 c6 5. Bg5 Be7 6. e3 h6 7. Bxf6 Bxf6 8. cxd5 exd5 9. Bd3 Qb6 10. Rb1 Bg4 11. O-O Nd7 12. Re1 O-O 13. Bc2 Rfe8 14. h3 Bh5 15. b4 Qc7 16. Ne2 Re7 17. Nf4 Bxf3 18. Qxf3 Rae8 19. Qd1 Bg5 20. Qd3 Nf8 21. Nh5 g6 22. Ng3 Bxe3 23. Qf1 Bxd4 24. Re2 Qxg3 25. Rd2 Qf4 26. Rdd1 Re2 27. Bd3 Rxf2 0-1